 Dungeon Crawl Stone Soup version 0.25.1-3-ge44b62a0b3 (webtiles) character file.

Game seed: 4987353256828346940

88216 BledDest the Cruncher (level 15, -8/120 HPs)
             Began as a Demonspawn Artificer on Nov 20, 2020.
             Was the Champion of Makhleb.
             Killed from afar by a tengu reaver (16 damage)
             ... with a freezing blast
             ... on level 12 of the Dungeon.
             The game lasted 01:00:30 (21031 turns).

BledDest the Cruncher (Demonspawn Artificer)       Turns: 21031, Time: 01:00:30

Health: -8/120     AC: 29    Str: 22    XL:     15   Next: 45%
Magic:  22/22      EV: 15    Int: 12    God:    Makhleb [******]
Gold:   1727       SH: 11    Dex: 14    Spells: 14/14 levels left

rFire    + + .     SeeInvis .   A - +8 whip "Snakebite" {curare, rPois}
rCold    . . .     Gourm    .   y - +0 kite shield
rNeg     + . .     Faith    .   D - +8 chain mail of Entitlement {rF+ rN+ Str+3}
rPois    +         Spirit   .   H - +0 helmet
rElec    .         Reflect  .   z - +0 cloak
rCorr    .         Harm     .   p - +0 pair of gloves
MR       +....                  (boots unavailable)
Stlth    ..........             K - amulet of regeneration
HPRegen  0.70/turn              x - +4 ring of evasion
MPRegen  0.18/turn              T - +4 ring of protection

@: hasted, very quick
A: talons 3, yellow scales 1, demonic guardian 1, fire resistance 1
a: Minor Destruction, Lesser Servant of Makhleb, Major Destruction, Greater
Servant of Makhleb, Renounce Religion


You were on level 12 of the Dungeon.
You worshipped Makhleb.
Makhleb was exalted by your worship.
You were not hungry.

You visited 3 branches of the dungeon, and saw 20 of its levels.

You collected 2259 gold pieces.
You spent 532 gold pieces at shops.

Inventory:

Hand Weapons
 A - the +8 whip "Snakebite" (weapon) {curare, rPois}
   (You found it on level 5 of the Lair of Beasts)

   It poisons the flesh of those it strikes.
   It protects you from poison.
Armour
 p - a +0 pair of gloves (worn)
 y - a +0 kite shield (worn)
 z - a +0 cloak (worn)
 D - the +8 chain mail of Entitlement (worn) {rF+ rN+ Str+3}
   (You found it on level 5 of the Dungeon)

   It affects your strength (+3).
   It protects you from fire.
   It protects you from negative energy.
 H - a +0 helmet (worn)
Jewellery
 a - an uncursed amulet of reflection
 m - an uncursed ring of protection from cold
 x - a +4 ring of evasion (left hand)
 K - an amulet of regeneration (around neck)
 T - a +4 ring of protection (right hand)
 U - an uncursed ring of see invisible
 Y - an uncursed ring of positive energy {unknown}
Wands
 c - a wand of flame (8)
 d - a wand of enslavement (38)
 I - a wand of polymorph (17)
 M - a wand of paralysis (9)
 N - a wand of acid (14)
 Q - a wand of digging (6)
 S - a wand of iceblast (14)
 V - a wand of disintegration (12)
 Z - a wand of clouds (2)
Scrolls
 j - 2 scrolls of enchant weapon
 k - a scroll of amnesia
 n - a scroll of immolation {unknown}
 q - 3 scrolls of blinking
 w - a scroll of enchant armour {unknown}
 B - 8 scrolls of remove curse
 C - 2 scrolls of acquirement {unknown}
 E - 5 scrolls of noise {unknown}
 F - 3 scrolls of fear
 G - a scroll of fog {unknown}
 L - a scroll of brand weapon {unknown}
 P - 2 scrolls of magic mapping
 R - 4 scrolls of teleportation
 X - a scroll of identify
Potions
 b - 3 potions of stabbing
 e - a potion of resistance
 g - 3 potions of might
 i - 3 potions of mutation
 l - a potion of magic
 o - 5 potions of haste
 t - 2 potions of ambrosia
 u - 3 potions of invisibility
 v - 9 potions of curing
 J - a potion of cancellation
 O - 4 potions of flight
 W - a potion of brilliance
Miscellaneous
 h - a box of beasts
Comestibles
 f - 31 rations
 r - 12 chunks of flesh


   Skills:
 - Level 12.0 Fighting
   Level 0.8 Short Blades
 * Level 10.1(12.4) Maces & Flails
   Level 12.0(13.3) Staves
 - Level 10.0 Armour
 - Level 8.0 Dodging
 - Level 0.8 Stealth
 + Level 7.0 Shields
 - Level 10.0 Invocations
 + Level 8.7 Evocations


You had 14 spell levels left.
You didn't know any spells.
Your spell library contained the following spells:

 Spells                   Type           Power        Failure   Level  Hunger
 Foxfire                  Conj/Fire      #...         99%         1    ##.....
 Freeze                   Ice            #...         99%         1    ##.....
 Confusing Touch          Hex            #.......     100%        3    ####...
 Conjure Flame            Conj/Fire      #.......     100%        3    ####...
 Frozen Ramparts          Ice            #.....       100%        3    ####...
 Gell's Gravitas          Tloc           #.........   100%        3    ####...
 Inner Flame              Hex/Fire       #.......     100%        3    ####...
 Ozocubu's Armour         Chrm/Ice       #.......     100%        3    ####...
 Cause Fear               Hex            #.........   100%        4    #####..
 Hailstorm                Conj/Ice       #.......     100%        4    #####..
 Petrify                  Tmut/Erth      #.......     100%        4    #####..
 Sticky Flame             Conj/Fire      #.......     100%        4    #####..
 Summon Ice Beast         Ice/Summ       #.......     100%        4    #####..
 Bolt of Magma            Conj/Fire/Erth #.........   100%        5    ######.
 Fireball                 Conj/Fire      #.........   100%        5    ######.
 Metabolic Englaciation   Hex/Ice        #.........   100%        5    ######.
 Yara's Violent Unravell  Hex/Tmut       #.........   100%        5    ######.
 Dragon Form              Tmut           #.........   100%        7    #######
 Malign Gateway           Summ/Tloc      #.........   100%        7    #######
 Dragon's Call            Summ           #.........   100%        9    #######


Dungeon Overview and Level Annotations

Branches:
Dungeon (12/15)            Temple (0/1) D:7            Lair (6/6) D:10
 Shoals (0/4) Lair:2       Spider (0/4) Lair:3        Slime (0/5) Lair:5
    Orc (2/2) D:10            Elf (0/3) Orc:2

Altars:
Cheibriados
Dithmenos
Fedhas
Makhleb
Sif Muna
Vehumet
Xom
Beogh

Shops:
Orc:2 }%[*

Portals:
Pandemonium: Orc:2

Annotations:
Lair:3 2 transporters, exclusion: 2 oklob plants, Thomus's ghost, journeyman HOFi


Innate Abilities, Weirdness & Mutations

You have claws for feet.
You are partially covered in yellow scales. (AC +2)
A weak demonic guardian rushes to your aid.
Your flesh is heat resistant. (rF+)


Message History

The tengu reaver pecks you but does no damage.
The tengu reaver closely misses you.
Your white imp gestures at the frost giant.
The puff of frost hits the frost giant.
The frost giant completely resists.
The tengu reaver hits your white imp with a +3 dire flail of draining!!
Your white imp dies!
You feel much better.
The frost giant gestures at you while chanting.
The bolt of cold misses you.
You feel yourself speed up.
The frost giant gestures at you while chanting.
The bolt of cold hits you!!
* * * LOW HITPOINT WARNING * * *
You feel much better. The frost giant casts a spell at you.
The bolt of cold hits you!!
* * * LOW HITPOINT WARNING * * *
The tengu reaver casts a spell at you. The freezing blast engulfs you!
You die...

...........†)....................
.......########..................
..##.............................
..#####...........###............
#.#.#......#.#.#.#...............
.....5#..#.........#.............
......#..#.......##..#...##......
##.....##.....###.#.#............
###...##...###.@#...............
##..##..##..#.#..#.......####.
###[.###..#.##..........#
..####..C#..#...........#
#.##.#.#..##...........#
#(!###.Q##....#.......#
#....###.# ......###...#
#..#.#C## ..##.. #...# #.Q%##
.... #.....


You could see 2 frost giants and a tengu reaver.

Vanquished Creatures
  Jorgrun (Orc:1)
  A fire giant (Orc:1)
  An emperor scorpion (Lair:4)
  An ettin (Orc:1)
  Josephine (Orc:1)
  A merfolk avatar (Lair:5)
  A two-headed ogre (Orc:1)
  5 hydras
  Erica (Lair:1)
  An ogre mage (Orc:1)
  9 death yaks
  A titan zombie (Orc:1)
  4 orc high priests
  Sonja (D:10)
  2 unseen horrors
  5 orc knights (Orc:2)
  2 harpies (Lair:6)
  2 ugly things
  10 orc sorcerers
  13 cyclopes (Orc:1)
  2 stone giant zombies (Orc:1)
  7 black mambas
  4 elephants
  2 centaur zombies
  2 rust devils
  A gargoyle (D:10)
  Psyche (D:9)
  A spiny frog (shapeshifter) (D:12)
  11 spiny frogs
  6 rime drakes
  10 komodo dragons
  A meliai (D:12)
  5 trolls
  2 jumping spiders (Lair:3)
  5 hornets
  3 polar bears
  A wind drake (Lair:5)
  13 blink frogs
  3 slime creatures (D:12)
  7 dream sheep
  12 hippogriffs
  A redback (Lair:3)
  3 wraiths (Orc:1)
  A vampire (D:11)
  48 yaks
  3 hogs (D:7)
  6 wyverns
  Sigmund (D:2)
  A human (D:7)
  3 hungry ghosts
  4 basilisks
  A chaos spawn (Orc:2)
  A steam dragon (D:11)
  6 wargs (Orc:1)
  27 water moccasins
  11 porcupines
  2 ice beasts
  6 sky beasts
  2 phantoms
  3 necrophages
  27 orc warriors
  10 centaurs
  13 ogres
  23 wolves
  12 crocodiles
  2 big kobolds
  27 bullfrogs
  A cyclops zombie (Orc:1)
  5 scorpions
  A water moccasin skeleton (D:6)
  26 killer bees
  18 wights
  A howler monkey (D:10)
  2 electric eels (Lair:2)
  6 crimson imps
  A quasit (D:7)
  A lava snake (D:10)
  3 jellies
  3 hounds
  25 orc wizards
  3 centaur skeletons
  25 orc priests
  Crazy Yiuf (D:3)
  3 bullfrog skeletons
  A gnoll shaman (D:4)
  3 iguanas
  Terence (D:3)
  10 worker ants
  A hound zombie (D:5)
  A worker ant zombie (D:5)
  16 adders
  6 gnolls
  A howler monkey skeleton (D:7)
  3 shadow imps
  3 oozes
  An adder zombie (D:6)
  4 adder skeletons
  2 worms
  4 dart slugs
  7 leopard geckos
  66 orcs
  2 ball pythons
  4 giant cockroaches
  6 goblins
  6 hobgoblins
  10 jackals
  4 quokkas
  9 bats
  A frilled lizard (D:5)
  7 kobolds
  A quokka skeleton (D:4)
  A quokka zombie (D:7)
  3 rats
715 creatures vanquished.

Vanquished Creatures (others)
  A catoblepas (Lair:5)
  A worker ant zombie (D:9)
  An orc (D:11)
  8 fungi
  3 plants (Lair:6)
14 creatures vanquished.

Grand Total: 729 creatures vanquished

Notes
Turn   | Place    | Note
-------+----------+-------------------------------------------
     0 | D:1      | BledDest the Demonspawn Artificer began the quest for the
                  | Orb.
     0 | D:1      | Reached XP level 1. HP: 15/15 MP: 3/3
   417 | D:1      | Gained mutation: You have sharp toenails. [demonic
                  | ancestry]
   417 | D:1      | Reached XP level 2. HP: 21/22 MP: 4/4
  1140 | D:1      | Gained mutation: You have razor-sharp toenails. [demonic
                  | ancestry]
  1140 | D:1      | Reached XP level 3. HP: 29/29 MP: 5/5
  1784 | D:2      | Found a shadowy altar of Dithmenos.
  1786 | D:2      | Found a snail-covered altar of Cheibriados.
  1914 | D:2      | Reached XP level 4. HP: 36/37 MP: 6/6
  2232 | D:2      | Noticed Sigmund
  2297 | D:2      | Killed Sigmund
  2297 | D:2      | Gained mutation: You have claws for feet. [demonic
                  | ancestry]
  2297 | D:2      | Reached XP level 5. HP: 46/46 MP: 7/7
  2608 | D:3      | Noticed Terence
  2623 | D:3      | Killed Terence
  2623 | D:3      | Reached XP level 6. HP: 52/52 MP: 8/8
  2929 | D:3      | Found a runed translucent door.
  2930 | D:3      | Noticed Crazy Yiuf
  2937 | D:3      | Killed Crazy Yiuf
  3277 | D:3      | Found a blossoming altar of Fedhas.
  3278 | D:3      | Found a shimmering blue altar of Sif Muna.
  3471 | D:4      | Found a burning altar of Makhleb.
  3472 | D:4      | Found a radiant altar of Vehumet.
  3479 | D:4      | Reached skill level 1 in Staves
  3558 | D:4      | Became a worshipper of Makhleb the Destroyer
  3666 | D:4      | Gained mutation: Your flesh is heat resistant. (rF+)
                  | [demonic ancestry]
  3666 | D:4      | Reached XP level 7. HP: 30/59 MP: 9/9
  4607 | D:5      | Entered Level 5 of the Dungeon
  5188 | D:5      | Got an ancient chain mail
  5199 | D:5      | Identified the +8 chain mail of Entitlement {rF+ rN+ Str+3}
                  | (You found it on level 5 of the Dungeon)
  5633 | D:5      | Reached * piety under Makhleb
  6104 | D:6      | Gained mutation: You are partially covered in yellow
                  | scales. (AC +2) [demonic ancestry]
  6104 | D:6      | Reached XP level 8. HP: 67/67 MP: 10/10
  6352 | D:7      | Reached skill level 5 in Staves
  6533 | D:7      | Found a staircase to the Ecumenical Temple.
  6569 | D:7      | Noticed a troll
  6583 | D:7      | Killed a troll
  6583 | D:7      | Reached XP level 9. HP: 58/74 MP: 11/11
  6771 | D:7      | Reached ** piety under Makhleb
  6783 | D:7      | Noticed a seven-headed hydra
  7140 | D:7      | Reached skill level 10 in Staves
  7502 | D:8      | Reached XP level 10. HP: 79/79 MP: 12/12
  8029 | D:8      | Reached *** piety under Makhleb
  8216 | D:9      | Found a shimmering altar of Xom.
  8403 | D:9      | Reached skill level 1 in Armour
  8523 | D:9      | Noticed Psyche
  8543 | D:9      | Killed Psyche
  8802 | D:9      | Reached **** piety under Makhleb
  9060 | D:10     | Entered Level 10 of the Dungeon
  9127 | D:10     | Reached XP level 11. HP: 80/86 MP: 13/13
  9127 | D:10     | Noticed Sonja
  9216 | D:10     | Found a staircase to the Orcish Mines.
  9450 | D:10     | Killed Sonja
  9450 | D:10     | Reached skill level 5 in Armour
  9526 | D:10     | Found a staircase to the Lair.
  9760 | D:10     | Got a crude chain mail
  9775 | D:10     | Identified the +6 chain mail of Tortured Leaves {MR- Int+4
                  | Dex+5} (You found it on level 10 of the Dungeon)
  9794 | D:10     | Noticed a cyan ugly thing
  9804 | D:10     | Killed a cyan ugly thing
  9943 | D:11     | Reached ***** piety under Makhleb
  9975 | D:11     | Killed an unseen horror
 10091 | D:11     | Noticed a red ugly thing
 10117 | D:11     | Killed a red ugly thing
 10117 | D:11     | Reached skill level 5 in Dodging
 10560 | Lair:1   | Entered Level 1 of the Lair of Beasts
 10589 | D:10     | Reached skill level 10 in Fighting
 10601 | D:10     | Reached XP level 12. HP: 94/97 MP: 14/14
 11312 | Lair:1   | Noticed Erica
 11321 | Lair:1   | Killed Erica
 11728 | Lair:1   | Noticed a six-headed hydra
 11736 | Lair:1   | Killed a six-headed hydra
 12064 | Lair:2   | Found a staircase to the Shoals.
 12283 | Lair:2   | Reached ****** piety under Makhleb
 12389 | Lair:2   | You fall into a shaft and drop 2 floors!
 12542 | Lair:4   | Noticed a death yak
 12542 | Lair:4   | Noticed a death yak
 12542 | Lair:4   | Noticed a death yak
 12542 | Lair:4   | Noticed a death yak
 12543 | Lair:4   | Noticed a death yak
 12559 | Lair:4   | Killed a death yak
 12593 | Lair:4   | Killed a death yak
 12593 | Lair:4   | Reached skill level 10 in Armour
 12615 | Lair:3   | Killed a death yak
 12615 | Lair:3   | Reached skill level 1 in Invocations
 12666 | Lair:3   | Noticed a catoblepas
 12668 | Lair:3   | Noticed Thomus's ghost (journeyman HOFi)
 12668 | Lair:3   | Noticed a four-headed hydra
 12674 | Lair:3   | Found a transporter.
 12678 | Lair:3   | Found a hole to the Spider Nest.
 12717 | Lair:3   | Found a transporter.
 12883 | Lair:3   | Noticed an eight-headed hydra
 12892 | Lair:3   | Killed an eight-headed hydra
 13876 | Lair:4   | Reached XP level 13. HP: 102/106 MP: 15/15
 13918 | Lair:4   | Noticed an emperor scorpion
 13918 | Lair:4   | a death yak changed into an emperor scorpion
 13923 | Lair:4   | Killed an emperor scorpion
 14150 | Lair:4   | Reached skill level 5 in Invocations
 15336 | Lair:5   | Found a staircase to the Slime Pits.
 15656 | Lair:5   | Reached skill level 10 in Invocations
 15722 | Lair:5   | Found the +8 whip "Snakebite" {curare, rPois}
 16133 | Lair:6   | Entered Level 6 of the Lair of Beasts
 16137 | Lair:6   | Reached skill level 1 in Maces & Flails
 16189 | Lair:5   | Reached skill level 1 in Shields
 16658 | Lair:5   | Reached skill level 5 in Evocations
 16658 | Lair:5   | Reached XP level 14. HP: 115/115 MP: 21/21
 16905 | Lair:5   | Reached skill level 5 in Maces & Flails
 17726 | Lair:6   | Identified the Guide on Unstable Attacks
 17975 | Orc:1    | Entered Level 1 of the Orcish Mines
 18096 | Orc:1    | Noticed Jorgrun
 18109 | Orc:1    | Killed Jorgrun
 18110 | Orc:1    | Reached skill level 5 in Shields
 18165 | Orc:1    | Noticed Josephine
 18179 | Orc:1    | Killed Josephine
 18347 | Orc:1    | Found a roughly hewn altar of Beogh.
 18805 | Orc:1    | Noticed a fire giant
 18836 | Orc:1    | Killed a fire giant
 18842 | Orc:1    | Gained mutation: A weak demonic guardian rushes to your
                  | aid. [demonic ancestry]
 18842 | Orc:1    | Reached XP level 15. HP: 120/120 MP: 22/22
 18991 | Orc:2    | Entered Level 2 of the Orcish Mines
 19028 | Orc:2    | Found a staircase to the Elven Halls.
 19191 | Orc:2    | Found a roughly hewn altar of Beogh.
 19441 | Orc:2    | Found Tosud's Food Boutique.
 19443 | Orc:2    | Found Topuffu's General Store.
 19784 | Orc:2    | Bought a scroll of blinking for 112 gold pieces
 20164 | Orc:2    | Paralysed by an orc sorcerer for 4 turns
 20177 | Orc:2    | Found Noklargh's Antique Armour Emporium.
 20177 | Orc:2    | Found Byllom's Gadget Shoppe.
 20283 | Orc:2    | Found a one-way gate leading to the halls of Pandemonium.
 20287 | Orc:2    | Bought a wand of clouds (2) for 252 gold pieces
 20287 | Orc:2    | Bought a wand of iceblast (8) for 168 gold pieces
 20910 | D:12     | Reached skill level 10 in Maces & Flails
 21015 | D:12     | Noticed a frost giant
 21015 | D:12     | Noticed a frost giant
 21016 | D:12     | Noticed a tengu reaver
 21022 | D:12     | HP: 4/120 [frost giant/bolt of cold (28)]
 21031 | D:12     | Killed from afar by a tengu reaver

Illustrated notes

Levels and vault maps discovered:
D:1:      matt_arrival_refuge, layout_basic
D:2:      layout_rooms, grunt_temple_overflow_open, first_ration, uniq_sigmund
D:3:      layout_basic, minitemple, hangedman_decor_growths, uniq_terence,
          uniq_crazy_yiuf_cottage
D:4:      layout_loops_corners, grunt_temple_overflow_lords_of_destruction,
          kennysheep_small_circle
D:5:      layout_layer_cave
D:6:      layout_rooms
D:7:      layout_cave_pools, minmay_temple_entry_drinking_statues,
          grunt_livestock, minmay_the_grid_2x2 [minmay_the_grid_stretched_grid,
          minmay_the_grid_tiny_cups, minmay_the_grid_slots,
          minmay_the_grid_prize_inner_circle]
D:8:      wad_pebble_path, layout_gridville, serial_glass, glass_columns_a,
          glass_columns_b, item_on_display_a, due_unseen_surprise
D:9:      layout_loops_ring, xom_teletrap_fun, uniq_psyche
D:10:     layout_big_octagon, grunt_decor_one_mirror, due_unseen_surprise,
          uniq_sonja
D:11:     layout_rooms
D:12:     minmay_bad_star, layout_basic, kennysheep_generic_room_8
Lair:1:   cheibrodos_lair_river_kwai, layout_long_grid, uniq_erica
Lair:2:   layout_gridlike, shoals_dummy_entry, serial_bayou_lake_a,
          lemuel_fruit_fields
Lair:3:   minmay_lair_oklob_tunnel, layout_gridlike,
          spider_nest_entry_funnel_web, gammafunk_ghost_arena
Lair:4:   layout_gridlike, minivault_24
Lair:5:   minmay_guarded_unrand_snakebite, layout_gridlike,
          dpeg_slime_entry_corner, beast_lair_carwin_4
Lair:6:   gammafunk_lair_ancient_temple, layout_long_grid
Orc:1:    giant_chief_lemuel, layout_caves, basic_altar, uniq_josephine,
          uniq_jorgrun
Orc:2:    pf_orc_diabolical, layout_diamond_mine, basic_altar

Skill      XL: |  1  2  3  4  5  6  7  8  9 10 11 12 13 14 15 |
---------------+----------------------------------------------+-----
Fighting       | 2 3 6 7 8 10 11 12 | 12.0
Staves         | 2 4 8 10 12 | 12.0
Armour         | 4 7 10 | 10.0
Dodging        | 3 5 7 8 |  8.0
Invocations    | 3 10 | 10.0
Maces & Flails | 4 8 10 | 10.1
Shields        | 2 5 7 |  7.0
Evocations     | 5 7 8 |  8.7
Short Blades   | |  0.8
Stealth        | |  0.8

Action                   |  1- 3 |  4- 6 |  7- 9 | 10-12 | 13-15 || total
-------------------------+-------+-------+-------+-------+-------++-------
Melee: Short sword       |    45 |       |       |       |       ||    45
       Spear             |   134 |   102 |       |       |       ||   236
       Quarterstaff      |       |    43 |   297 |   847 |   284 ||  1471
       Kick              |       |    13 |    75 |   272 |   577 ||   937
       Whip              |       |       |       |       |  1184 ||  1184
Throw: Stone             |     3 |       |       |       |       ||     3
Invok: Minor Destruction |       |       |       |     7 |       ||     7
Evoke: Wand              |       |    10 |     5 |    12 |     3 ||    30
  Use: Scroll            |       |     2 |    12 |    11 |     5 ||    30
       Potion            |       |       |     1 |     1 |     6 ||     8
 Stab: Paralysed         |       |    13 |     2 |     4 |     4 ||    23
       Petrifying        |       |       |       |     2 |       ||     2
       Confused          |       |       |       |     1 |     2 ||     3
       Distracted        |       |       |       |       |     4 ||     4
  Eat: Chunk             |     3 |     6 |    12 |    22 |    25 ||    68
       Ration            |       |       |       |     1 |       ||     1
Armor: Leather armour    |     9 |       |       |       |       ||     9
       Ring mail         |    34 |    59 |     9 |       |       ||   102
       Chain mail        |       |       |   174 |   611 |   714 ||  1499
Dodge: Dodged            |    79 |    84 |   177 |   609 |   879 ||  1828
Block: Other             |       |     6 |    92 |    11 |       ||   109
       Reflection        |       |       |     1 |       |       ||     1
       Kite shield       |       |       |       |       |   531 ||   531
